 Dungeon Crawl Stone Soup version 0.30-b1-2-g02819fbbbe (webtiles) character file.

Game seed: 604180009674425459

218 sanka the Ducker (level 6, -7/53 HPs)
             Began as a Meteoran Hexslinger on May 9, 2023.
             Was a Believer of Makhleb.
             Mangled by a black bear (8 damage)
             ... on level 4 of the Dungeon.
             The game lasted 00:08:52 (1650 turns).

sanka the Ducker (Meteoran Hexslinger)              Turns: 1650, Time: 00:08:52

Health: -7/53      AC:  3    Str: 12    XL:     6   Next: 40%
Magic:  8/8        EV: 14    Int: 14    God:    Makhleb [**....]
Gold:   207        SH:  0    Dex: 17    Spells: 6/7 levels left

rFire   . . .        a - +1 sling
rCold   . . .        (no shield)
rNeg    . . .        c - +0 robe
rPois   .            h - +0 helmet
rElec   .            (no cloak)
rCorr   +            (no gloves)
SInv    .            (no boots)
Will    .....        g - amulet of regeneration
Stlth   +            n - ring of resist corrosion
HPRegen 1.08/turn    (no ring)
MPRegen 0.11/turn

%: no passive effects
@: glowing
A: sense surroundings 1, otherworldly, glowing, explore regen, low MP 1
a: Renounce Religion, Minor Destruction


You were on level 4 of the Dungeon.
You worshipped Makhleb.
Makhleb was pleased with you.
You visited 1 branch of the dungeon, and saw 4 of its levels.

You collected 207 gold pieces.

Inventory:

Hand Weapons
 a - a +1 sling (weapon)
 q - a +0 mace
Armour
 c - a +0 robe (worn)
 h - a +0 helmet (worn)
Magical Staves
 r - a staff of air
Jewellery
 g - an amulet of regeneration (around neck)
 n - a ring of resist corrosion (left hand)
 s - a ring of poison resistance
Wands
 f - a wand of charming (5)
Scrolls
 b - a scroll of poison {!r}
 e - a scroll of enchant weapon {unknown}
 i - a scroll of magic mapping {unknown}
 j - 2 scrolls of noise {unknown}
 k - a scroll of immolation {unknown}
 l - a scroll of brand weapon {unknown}
 m - a scroll of identify {unknown}
 p - a scroll of teleportation {unknown}
Potions
 d - 2 potions of curing {@q1}
 o - a potion of magic {unknown}


   Skills:
 + Level 4.4 Fighting
 - Level 2.1 Ranged Weapons
 + Level 5.3 Dodging
 - Level 1.3 Spellcasting
 - Level 3.6 Hexes


You had 6 spell levels left.
You knew the following spells:

 Your Spells              Type           Power      Damage    Failure   Level
a - Slow                  Hex            44%        N/A       6%          1

Your spell library contained the following spells:

 Spells                   Type           Power      Damage    Failure   Level
 Inner Flame              Hex/Fire       6%         N/A       36%         3
 Portal Projectile        Hex/Tloc       12%        N/A       36%         3
 Cause Fear               Hex            5%         N/A       50%         4
 Ozocubu's Armour         Ice            0%         N/A       58%         3
 Volatile Blastmotes      Fire/Tloc      0%         2d10      58%         3
 Fulminant Prism          Conj/Hex       3%         3d5       77%         4
 Iskenderun's Mystic Bla  Conj/Tloc      0%         2d3       94%         4
 Lee's Rapid Deconstruct  Erth           0%         3d4*      100%        5
 Ozocubu's Refrigeration  Ice            0%         4d7       100%        7


Dungeon Overview and Level Annotations

Branches:
Dungeon (4/15) Zot: 680
 Temple: D:4-7

Altars:
Makhleb
The Shining One


Innate Abilities, Weirdness & Mutations

You passively map a small area around you.
You are easily found by Zot.
You glow in the dark.
You regain HP and MP as you explore.
Your magical capacity is low. (-10% MP)


Message History

The black bear barely misses you. The black bear claws you. x2
The black bear bites you but does no damage.
The black bear claws you but does no damage.
The black bear claws you.
You shoot a sling bullet. The sling bullet hits the black bear.
The black bear is severely wounded.
The black bear bites you. The black bear claws you. The black bear misses you.
You shoot a sling bullet. The sling bullet hits the black bear.
The black bear is severely wounded.
The black bear completely misses you.
The black bear claws you but does no damage.
The black bear barely misses you.
You shoot a sling bullet.
The sling bullet hits the black bear but does no damage.
The black bear is severely wounded.
The black bear bites you. The black bear completely misses you.
The black bear claws you.
You shoot a sling bullet. The sling bullet hits the black bear.
The black bear is almost dead.
The black bear goes berserk!
The black bear bites you but does no damage.
The black bear closely misses you. The black bear barely misses you.
You shoot a sling bullet. The sling bullet hits the black bear.
The black bear is almost dead.
The black bear bites you! The black bear claws you.
The black bear claws you but does no damage.
The black bear bites you.
* * * LOW HITPOINT WARNING * * *
The black bear claws you but does no damage.
The black bear claws you.
* * * LOW HITPOINT WARNING * * *
You shoot a sling bullet.
The sling bullet hits the black bear but does no damage.
The black bear is almost dead.
The black bear bites you!
* * * LOW HITPOINT WARNING * * *
The black bear closely misses you.
The black bear claws you but does no damage.
The black bear bites you!
You die...

##############
#.............
#.######......
########.#
#.####.
#..h@....# #.#
#. #.########
#.# ## #.# #.#
#.# #.# * #.#*
#.# ,, ..#, ,
, ..# * * ###
** * , #.# , *
* ,* ,


You could see a black bear (berserk).

Vanquished Creatures
  A phantom (D:4)
  Ijyb (D:3)
  Robin (D:4)
  3 adders
  A white imp (D:3)
  A worm (D:2)
  A dart slug (D:2)
  10 ball pythons
  2 endoplasms
  3 giant cockroaches (D:1)
  11 goblins
  3 hobgoblins
  5 jackals
  4 quokkas
  3 bats
  4 frilled lizards
  5 goblin skeletons (D:3)
  4 hobgoblin zombies (D:3)
  7 kobolds
  A kobold skeleton (D:3)
  A kobold zombie (D:3)
  2 orc skeletons (D:3)
  7 rats
81 creatures vanquished.

Notes
Turn   | Place    | Note
-------+----------+-------------------------------------------
     0 | D:1      | sanka the Meteoran Hexslinger began the quest for the Orb.
     0 | D:1      | Reached XP level 1. HP: 16/16 MP: 3/3
    75 | D:1      | Reached XP level 2. HP: 23/23 MP: 5/5
   162 | D:1      | Reached skill level 3 in Dodging
   278 | D:1      | Reached XP level 3. HP: 25/29 MP: 6/6
   511 | D:2      | Found a faded altar of an unknown god.
   519 | D:2      | Prayed at the altar of an unknown god.
   519 | D:2      | Became a worshipper of Makhleb the Destroyer
   519 | D:2      | Reached * piety under Makhleb
   617 | D:2      | Reached XP level 4. HP: 37/37 MP: 7/7
   710 | D:2      | Reached skill level 4 in Dodging
   958 | D:3      | Found a glowing golden altar of the Shining One.
  1005 | D:3      | Reached XP level 5. HP: 18/45 MP: 5/8
  1011 | D:3      | Noticed Ijyb
  1016 | D:3      | Gained mutation: Your magical capacity is low. (-10% MP)
                  | [potion of mutation]
  1032 | D:3      | Killed Ijyb
  1351 | D:3      | Reached ** piety under Makhleb
  1479 | D:4      | Noticed Robin
  1490 | D:4      | Killed Robin
  1559 | D:4      | Noticed a phantom
  1578 | D:4      | Killed a phantom
  1579 | D:4      | Reached skill level 5 in Dodging
  1579 | D:4      | Reached XP level 6. HP: 14/53 MP: 8/8
  1633 | D:4      | Noticed a black bear
  1650 | D:4      | HP: 1/53 [black bear (7)]
  1650 | D:4      | Mangled by a black bear

Illustrated notes

Levels and vault maps discovered:
D:1:      dpeg_arrival_line_fractal, layout_basic
D:2:      layout_basic, hellmonk_ecumenical_altar_prayer_group
D:3:      layout_loops_corners, nicolae_tso_besieged_by_evil, uniq_ijyb
D:4:      layout_loops_ring, mainiacjoe_overflow_24_doors, uniq_robin,
          uniq_crazy_yiuf_cottage

Skill      XL: |  1  2  3  4  5 |
---------------+----------------+-----
Dodging        | 3 4 5 |  5.3
Fighting       | 2 3 4 |  4.4
Ranged Weapons | |  2.1
Spellcasting   | |  1.3
Hexes          | |  3.6

Action                     |  1- 3 |  4- 6 || total
---------------------------+-------+-------++-------
   Fire: Sling             |   105 |   193 ||   298
   Cast: Slow              |       |     3 ||     3
    Use: Potion            |       |     6 ||     6
 Armour: Robe              |    18 |    35 ||    53
  Dodge: Dodged            |    58 |    95 ||   153
